 Dungeon Crawl Stone Soup version 0.17.1-1-g73c8601 (webtiles) character file.

182 penguinsfan71 the Grave Robber (level 5, -4/35 (36) HPs)
             Began as a Vampire Necromancer on Dec 18, 2015.
             Was a Follower of Makhleb.
             Slain by Grinder the hell beast (16 damage)
             ... on level 4 of the Dungeon.
             The game lasted 00:43:52 (3570 turns).

penguinsfan71 the Grave Robber (VpNe)               Turns: 3570, Time: 00:43:52

HP:   -4/35 (36)    AC:  0    Str:  2    XL:     5   Next: 34%
MP:   8/9           EV: 21    Int: 17    God:    Makhleb [*.....]
Gold: 213           SH:  0    Dex: 21    Spells: 3 memorised, 2 levels left

rFire  . . .     SeeInvis +     (weapon currently unavailable)
rCold  . . .     Clarity  .     (armour currently unavailable)
rNeg   + . .     SustAt   .     (shield currently unavailable)
rPois  .         Gourm    .     (helmet currently unavailable)
rElec  .         Spirit   .     (cloak currently unavailable)
rCorr  .         Warding  .     (gloves currently unavailable)
rMut   .         Stasis   .     (boots currently unavailable)
MR     .....                    (no amulet)
Stlth  +++.......               (ring currently unavailable)
                                (ring currently unavailable)

@: bat-form, flying, very quick, not resistant to hostile enchantments, fairly
stealthy
A: (fangs 0), see invisible, (unbreathing)
a: End Transformation, Renounce Religion


You were on level 4 of the Dungeon.
You worshipped Makhleb.
Makhleb was aware of your devotion.
You were not thirsty.
You were in vampire-bat-form.
You visited 1 branch of the dungeon, and saw 4 of its levels.

You collected 213 gold pieces.

Inventory:

Hand Weapons
 d - a +0 mace
 g - a +0 dagger
 k - a +2 short sword of protection
 l - a +0 mace
 n - a +0 club
 o - a cursed -3 club
 p - a cursed -1 club
 q - a +0 club
 v - a +0 short sword
 x - a +1 dagger of protection
 y - a +0 club
 C - a +0 dagger
 D - a +0 trident
 E - a +0 dagger
 F - a +0 hand axe
 I - a +0 short sword
 J - a +0 mace
 K - a +2 dagger of pain
 L - a +1 mace of protection (melded)
 N - a +0 club
Missiles
 r - 46 bolts
 w - 39 stones (quivered)
Armour
 a - a +0 robe
 e - a +0 robe
 h - a +0 ring mail
 u - a +0 ring mail
 B - a +0 leather armour
 G - a +2 ring mail of positive energy (melded)
Jewellery
 P - a cursed amulet of inaccuracy {unknown}
Wands
 s - a wand of slowing (25)
 A - a wand of polymorph (0)
 H - a wand of frost (46)
Scrolls
 c - a scroll of fear
 t - a scroll of remove curse
 M - a scroll of identify
Potions
 i - 2 potions of agility {unknown}
 m - a potion of curing {unknown}
 O - 2 potions of lignification
Books
 b - a book of Necromancy

   Spells                             Type                      Level
   a - Pain                           Necromancy                   1
   b - Animate Skeleton               Necromancy                   1
   c - Vampiric Draining              Necromancy                   3
   d - Regeneration                   Charms/Necromancy            3
   e - Animate Dead                   Necromancy                   4
   f - Control Undead                 Necromancy                   4
Comestibles
 f - a royal jelly
 j - 3 bread rations
 z - a meat ration


   Skills:
 + Level 0.6 Fighting
 + Level 0.2 Short Blades
 + Level 1.2 Armour
 + Level 2.7 Dodging
 + Level 3.7 Stealth
 + Level 3.0 Spellcasting
 + Level 5.7 Necromancy


You had 2 spell levels left.
You knew the following spells:

 Your Spells              Type           Power        Failure   Level  Hunger
a - Pain                  Necr           ###.         1%          1    None
b - Vampiric Draining     Necr           ###.......   6%          3    ###....
c - Animate Dead          Necr           N/A          17%         4    ####...


Dungeon Overview and Level Annotations

Branches:
Dungeon (4/15)
 Temple: D:4-7

Altars:
Cheibriados
Makhleb
Okawaru

Annotations:
D:4 Grinder


Innate Abilities, Weirdness & Mutations

((You have razor-sharp teeth.))
You have supernaturally acute eyesight.
((You can survive without breathing.))


Message History

Grinder resists with some effort.
Evoking this partially-identified wand wasted a few charges.
Evoke which item? (* to show all) (? for menu, Esc to quit)
Zapping:
A - a wand of polymorph {zapped: 6} (will waste charges)
Press: ? - help, Shift-Dir - straight line, f/p - Grinder
Aim: Grinder (chance to defeat MR: 46%) Grinder evaporates and reforms as a hell beast!
Evoking this partially-identified wand wasted a few charges.
You turn into a vampire bat.
Your +1 mace of protection melds into your body.
Your +2 ring mail of positive energy melds into your body.
You feel less protected.
You feel less protected from negative energy.
An iguana comes into view.
Found 12 gold pieces.
The iguana hisses angrily.
Found a hand axe.
Found a sedimented orange potion.
Grinder barely misses you. Grinder tramples you!
You die...

##.####.......######
#.# #.......$....)#
#.. ...###...####.#
#..##. #.........
#..# #...####.# ...#
##.## ##.#####.#
.......2.#####.#
#......b.....!#
###############


You could see Grinder the hell beast.

Vanquished Creatures
  An iguana (D:4)
  Terence (D:3)
  A worker ant (D:2)
  4 adders
  An ooze (D:1)
  2 worms
  3 giant geckos (D:2)
  4 orcs
  A ball python (D:1)
  5 bats
  3 giant cockroaches
  4 hobgoblins
  A jackal (D:3)
  7 kobolds
  2 giant newts
  11 goblins
  A quokka (D:3)
  5 rats
  2 fungi (D:1)
59 creatures vanquished.

Vanquished Creatures (others)
  A fungus (D:1)
1 creature vanquished.

Grand Total: 60 creatures vanquished

Notes
Turn   | Place    | Note
--------------------------------------------------------------
     0 | D:1      | penguinsfan71 the Vampire Necromancer began the quest for the Orb.
     0 | D:1      | Reached XP level 1. HP: 13/13 MP: 3/3
   243 | D:1      | Reached XP level 2. HP: 14/19 MP: 0/5
   247 | D:1      | Reached skill level 5 in Necromancy
   900 | D:2      | Found a burning altar of Makhleb.
   903 | D:2      | Became a worshipper of Makhleb the Destroyer
  1104 | D:2      | Reached XP level 3. HP: 10/24 MP: 0/6
  1414 | D:2      | Learned a level 3 spell: Vampiric Draining
  2081 | D:2      | Reached skill level 1 in Armour
  2081 | D:2      | Reached XP level 4. HP: 21/31 MP: 3/7
  2134 | D:2      | Found a snail-covered altar of Cheibriados.
  2784 | D:3      | Reached * piety under Makhleb
  2912 | D:3      | Found an iron altar of Okawaru.
  2938 | D:3      | Noticed Terence
  2949 | D:3      | Killed Terence
  2949 | D:3      | Reached XP level 5. HP: 30/36 MP: 5/9
  2963 | D:3      | Learned a level 4 spell: Animate Dead
  3339 | D:4      | Noticed Grinder
  3341 | D:4      | Noticed an ogre
  3550 | D:4      | Paralysed by Grinder for 2 turns
  3554 | D:4      | Noticed Grinder
  3554 | D:4      | Grinder changed into Grinder the hell beast
  3570 | D:4      | Slain by Grinder the hell beast

Action                   |  1- 3 |  4- 6 || total
-------------------------+-------+-------++-------
Melee: Short sword       |   103 |    32 ||   135
       Unarmed           |     3 |       ||     3
 Cast: Pain              |    33 |    35 ||    68
       Animate Dead      |       |     2 ||     2
 Abil: Bat Form          |     2 |     4 ||     6
       End Transformatio |     2 |     3 ||     5
Evoke: Wand              |     1 |     4 ||     5
  Use: Scroll            |     5 |     3 ||     8
       Potion            |     2 |       ||     2
 Stab: Sleeping          |     2 |       ||     2
  Eat: Corpse            |     1 |     9 ||    10
